 Dungeon Crawl Stone Soup version 0.18-a0-775-g4d9e04e (webtiles) character file.

539 4thArraOfDagon the Cleaver (level 7, -8/91 HPs)
             Began as a Hill Orc Berserker on Dec 13, 2015.
             Was a Follower of Trog.
             Mangled by Pikel
             ... wielding a +0 whip of electrocution
              (20 damage)
             ... on level 5 of the Dungeon.
             The game lasted 00:03:21 (706 turns).

4thArraOfDagon the Cleaver (Hill Orc Berserker)      Turns: 706, Time: 00:03:21

Health: -8/91      AC: 13    Str: 25    XL:     7   Next: 26%
Magic:  7/7        EV:  7    Int:  9    God:    Trog [*.....]
Gold:   32         SH:  0    Dex: 10    Spells: 0 memorised, 6 levels left

rFire  . . .     SeeInvis .     a - +0 hand axe
rCold  . . .     Clarity  .     j - +0 plate armour
rNeg   . . .     SustAt   .     (no shield)
rPois  .         Gourm    .     (no helmet)
rElec  .         Spirit   .     (no cloak)
rCorr  .         Dismiss  .     k - +0 pair of gloves
rMut   .         Stasis   .     (no boots)
MR     .....                    (no amulet)
Stlth  ..........               (no ring)
                                (no ring)

@: berserking, very quick, not resistant to hostile enchantments, extremely
unstealthy
A: no striking features
a: Berserk, Burn Spellbooks, Renounce Religion


You were on level 5 of the Dungeon.
You worshipped Trog.
Trog was aware of your devotion.
You were not hungry.

You visited 1 branch of the dungeon, and saw 5 of its levels.

You collected 32 gold pieces.

Inventory:

Hand Weapons
 a - a +0 hand axe (weapon)
Armour
 j - a +0 plate armour (worn)
 k - a +0 pair of gloves (worn)
Jewellery
 i - an uncursed ring of fire
Scrolls
 b - a scroll of blinking {unknown}
 d - a scroll of enchant weapon {unknown}
 e - a scroll of remove curse {unknown}
 f - 2 scrolls of identify {unknown}
 l - a scroll of teleportation {unknown}
Potions
 m - a potion of haste {unknown}
Books
 n - a book of Ice

   Spells                             Type                      Level
   a - Ice Form                       Ice/Transmutation            4
   b - Metabolic Englaciation         Hexes/Ice                    5
   c - Ozocubu's Refrigeration        Ice                          6
   d - Bolt of Cold                   Conjuration/Ice              6
   e - Freezing Cloud                 Conjuration/Ice/Air          6
   f - Simulacrum                     Ice/Necromancy               6
   Trog disapproves of the use of such an item.
 p - a Grand Grimoire

   Spells                             Type                      Level
   a - Monstrous Menagerie            Summoning                    6
   b - Summon Greater Demon           Summoning                    7
   c - Malign Gateway                 Summoning/Translocation      7
   d - Summon Horrible Things         Summoning                    8
   Trog disapproves of the use of such an item.
Comestibles
 c - 4 bread rations
 h - a beef jerky
 o - a meat ration


   Skills:
 + Level 5.6 Fighting
 * Level 8.1 Axes
 + Level 4.4 Armour
 - Level 1.5 Dodging


You had 6 spell levels left.
You didn't know any spells.

Dungeon Overview and Level Annotations

Branches:
Dungeon (5/15)             Temple (0/1) D:5

Altars:

Annotations:
D:5 Pikel


Message History

* * * LOW HITPOINT WARNING * * *
You are electrocuted!
* * * LOW HITPOINT WARNING * * *
Unknown command.
You climb downwards.
You feel a strong urge to attack something.
There is a stone staircase leading up here.
Unknown command.
Unknown command.
You closely miss Pikel.
Pikel is severely wounded.
You closely miss the orc. Pikel barely misses you.
The orc hits you with a flail.
* * * LOW HITPOINT WARNING * * *
Unknown command.
You closely miss Pikel.
Pikel is severely wounded.
You completely miss the orc. Pikel hits you but does no damage.
You are electrocuted!
You die...

#.......## #......≈#
#.......# #..####.≈
#.......####..# ##.
##########....<..######
#......# #.####.....#
#......# #..# #.....#
#....[.####.###.....#
#.....o..##..##.....#
#.....@......().....###
#......K.###.##.#...##.
#......#####.##.#...#..
#......# #......'......
######## #.##.#.#...#..
#. #...#####.. # ##..#
#.. #..# #.. ##>. +..


You could see Pikel and an orc.

Vanquished Creatures
  Grinder (D:5)
  A centaur (D:5)
  A water moccasin skeleton (D:5)
  2 crimson imps
  A hound (D:5)
  An iguana (D:5)
  An orc wizard (D:4)
  A worker ant (D:5)
  A worker ant zombie (D:5)
  A worm (D:5)
  9 orcs
  A ball python (D:5)
  2 giant cockroaches
  2 jackals (D:5)
  2 quokkas (D:5)
  A ball python skeleton (D:5)
  A goblin (D:1)
  A kobold (D:1)
30 creatures vanquished.

Notes
Turn   | Place    | Note
--------------------------------------------------------------
     0 | D:1      | 4thArraOfDagon the Hill Orc Berserker began the quest for the Orb.
     0 | D:1      | Reached XP level 1. HP: 19/19 MP: 1/1
   104 | D:1      | You fall through a shaft!
   177 | D:4      | Noticed a slave
   180 | D:5      | Entered Level 5 of the Dungeon
   189 | D:5      | Found a staircase to the Ecumenical Temple.
   223 | D:5      | Noticed a hound
   228 | D:5      | Killed a hound
   228 | D:5      | Reached skill level 5 in Axes
   228 | D:5      | Reached XP level 2. HP: 27/27 MP: 2/2
   228 | D:5      | Reached XP level 3. HP: 33/33 MP: 3/3
   237 | D:5      | Reached XP level 4. HP: 40/40 MP: 4/4
   288 | D:5      | Noticed Grinder
   290 | D:5      | Paralysed by Grinder for 4 turns
   296 | D:5      | Paralysed by Grinder for 5 turns
   324 | D:4      | Reached skill level 6 in Axes
   324 | D:4      | Reached XP level 5. HP: 47/47 MP: 5/5
   430 | D:5      | Paralysed by Grinder for 6 turns
   448 | D:5      | Paralysed by Grinder for 5 turns
   559 | D:5      | Paralysed by Grinder for 2 turns
   578 | D:5      | Reached skill level 5 in Fighting
   578 | D:5      | Reached XP level 6. HP: 32/56 MP: 6/6
   595 | D:5      | Paralysed by Grinder for 4 turns
   599 | D:5      | Killed Grinder
   599 | D:5      | Reached skill level 7 in Axes
   599 | D:5      | Reached XP level 7. HP: 29/61 MP: 7/7
   622 | D:5      | Reached skill level 8 in Axes
   623 | D:5      | Reached ** piety under Trog
   696 | D:4      | Noticed Pikel
   706 | D:5      | Mangled by Pikel

Vault maps used:
D:1:      matt_arrival_los_fun, hex_medium, corexii_hall_statues_l
D:2:      serial_forest, infiniplex_forest_lined_corner, infiniplex_forest_pool,
          infiniplex_forest_straight_4, infiniplex_forest_clump_tiny,
          infiniplex_forest_lined_corner, infiniplex_forest_end_2,
          infiniplex_forest_lined_room_3, trog_butcher_becter, uniq_jessica
D:3:      lemuel_crystal_altar, gammafunk_temple_overflow_elements,
          ecumenical_altar_2
D:4:      grunt_pakellas_basics, grunt_gozag_breadcrumbs, uniq_pikel
D:5:      minmay_temple_entry_statues_fountains, first_bread,
          kennysheep_doodads, kennysheep_generic_room_10, uniq_grinder

Action                   |  1- 3 |  4- 6 |  7- 9 || total
-------------------------+-------+-------+-------++-------
Melee: Hand axe          |    26 |    69 |    32 ||   127
Invok: Berserk           |     1 |     3 |     2 ||     6
       Trog's Hand       |       |       |     1 ||     1
  Use: Potion            |       |     1 |     2 ||     3
  Eat: Chunk             |       |     2 |       ||     2
       Beef jerky        |       |     1 |       ||     1
       Fruit             |       |       |     3 ||     3
